 Dungeon Sprint DCSS version 0.24.1-14-gf8d2b509d9 (webtiles) character file.

Game seed: 13553049866416785672, levelgen mode: deterministic

479870 Baz the End of an Era (level 19, 183/183 HPs)
             Began as a Demonspawn Fighter on Oct 2, 2020.
             Was the Champion of Qazlal.
             Escaped with the Orb!
             The game lasted 00:28:22 (2839 turns).

Baz the End of an Era (Demonspawn Fighter)          Turns: 2839, Time: 00:28:22

Health: 183/183    AC: 39    Str: 24    XL:     19   Next: 0%
Magic:  50/50      EV: 17    Int: 14    God:    Qazlal [******]
Gold:   0          SH: 53    Dex: 24    Spells: 51/55 levels left

rFire    + + +     SeeInvis .   I - +4 broad axe of Icluulau {chop, rN+ Int+2}
rCold    + + .     Gourm    .   G - +18 shield of the Gong {rElec rN+ MR+ EV-5}
rNeg     + + +     Faith    .   H - +9 gold dragon scales
rPois    +         Spirit   .   Y - -2 hat of the Alchemist {rElec rPois rF+ rC+ rN+ MR+ rMut rCorr}
rElec    +         Reflect  +   K - +1 cloak {+Inv}
rCorr    +         Harm     .   Q - +1 pair of gloves {Dex+3}
rMut     +         NoTele   +   W - +0 pair of boots of Magic {rElec Str+4}
MR       +++..                  v - brooch of Shielding {Reflect SH+8}
Stlth    ..........             b - ring "Baigowk" {rElec MP+9}
HPRegen  0.40/turn              w - +6 ring of dexterity
MPRegen  0.32/turn

@: studying 2 skills, repel missiles
A: talons 2, fire resistance 1, ignite blood, nightstalker 2, augmentation 1,
flame cloud immunity, sturdy frame 2
0: Orb of Zot
a: Upheaval, Elemental Force, Disaster Area, Renounce Religion, Evoke
Invisibility


You escaped.
You worshipped Qazlal.
Qazlal was exalted by your worship.
You were hungry.

You visited 1 branch

Inventory:

Hand Weapons
 o - the +14 obsidian axe {chop, +Fly SInv *Curse}
   (You found it in the Dungeon)

   It inflicts extra damage upon your enemies.
   It lets you see invisible.
   It lets you fly.
   It curses itself when equipped.
 I - the +4 broad axe of Icluulau (weapon) {chop, rN+ Int+2}
   (You found it in the Dungeon)

   It inflicts extra damage upon your enemies.
   It affects your intelligence (+2).
   It protects you from negative energy.
Armour
 F - the +15 Maxwell's patent armour {-Cast -Tele rElec MR+ rCorr}
   (You found it in the Dungeon)

   It insulates you from electricity.
   It affects your resistance to hostile enchantments.
   It prevents spellcasting.
   It prevents most forms of teleportation.
   It provides partial protection from all sources of acid and corrosion.
 G - the +18 shield of the Gong (worn) {rElec rN+ MR+ EV-5}
   (You found it in the Dungeon)

   It affects your evasion (-5).
   It insulates you from electricity.
   It protects you from negative energy.
   It affects your resistance to hostile enchantments.
 H - +9 gold dragon scales (worn)
 K - a +1 cloak of invisibility (worn)
 Q - a +1 pair of gloves of dexterity (worn)
 V - a +2 helmet of intelligence
 W - the +0 pair of boots of Magic (worn) {rElec Str+4}
   (You found it in the Dungeon)

   It affects your strength (+4).
   It insulates you from electricity.
 Y - the -2 hat of the Alchemist (worn) {rElec rPois rF+ rC+ rN+ MR+ rMut rCorr}
   (You found it in the Dungeon)

   It protects you from fire.
   It protects you from cold.
   It insulates you from electricity.
   It protects you from poison.
   It protects you from negative energy.
   It affects your resistance to hostile enchantments.
   It provides partial protection from all sources of acid and corrosion.
   It protects you from mutation.
Jewellery
 b - the ring "Baigowk" (left hand) {rElec MP+9}
   (You took it off a meliai in the Dungeon)

   [ring of magical power]

   It insulates you from electricity.
   It affects your magic capacity (+9).
 v - the brooch of Shielding (around neck) {Reflect SH+8}
   (You found it in the Dungeon)

   [amulet of reflection]

   It shields you and reflects attacks.
   It affects your SH (+8).
 w - a +6 ring of dexterity (right hand)
 x - the ring "Pirghiuj" {rElec rC+ SInv}
   (You took it off a vampire mage in the Dungeon)

   [ring of see invisible]

   It protects you from cold.
   It insulates you from electricity.
   It lets you see invisible.
 y - a +6 ring of intelligence
 z - a +6 ring of intelligence
 A - a +6 ring of strength
 B - a +6 ring of strength
 N - the ring "Vyekhime" {rC++ rCorr}
   (You took it off a skeletal warrior in the Dungeon)

   [ring of resist corrosion]

   It greatly protects you from cold.
   It provides partial protection from all sources of acid and corrosion.
 P - the amulet of Tender Moments {Acrobat Slay+3}
   (You took it off a merfolk impaler in the Dungeon)

   [amulet of the acrobat]

   It helps you evade while moving and waiting.
   It affects your accuracy and damage with ranged weapons and melee attacks
   (+3).
 Z - the ring "Pume" {MP+9 AC+2 Stlth+}
   (You found it in the Dungeon)

   [ring of protection]

   It affects your AC (+2).
   It affects your magic capacity (+9).
   It makes you more stealthy.
Wands
 C - a wand of disintegration (7)
 D - a wand of iceblast (7)
 E - a wand of acid (7)
Scrolls
 k - 4 scrolls of blinking
 q - 4 scrolls of amnesia
 r - 9 scrolls of fog
 s - 5 scrolls of identify
 t - 4 scrolls of remove curse
 u - 2 scrolls of fear
 M - 8 scrolls of brand weapon
 X - 16 scrolls of enchant weapon
Potions
 d - 8 potions of might
 e - 10 potions of curing
 g - 14 potions of heal wounds
 h - 10 potions of haste
 i - 7 potions of magic
 j - 3 potions of berserk rage
 l - 3 potions of brilliance
 m - 2 potions of invisibility
 n - 4 potions of resistance
 p - 7 potions of agility
Books
 c - a manual of Throwing
 S - a manual of Unarmed Combat
Miscellaneous
 a - a lamp of fire
 J - a fan of gales
 L - a phial of floods
 O - 10 boxes of beasts
 R - a crystal ball of energy
 T - 12 phantom mirrors
 U - a lightning rod (4/4)
Comestibles
 f - 6 rations


   Skills:
 + Level 25.1 Fighting
 + Level 23.3 Axes
 + Level 23.3 Armour
 + Level 19.0 Dodging
 + Level 24.3 Shields
 + Level 18.7 Spellcasting
 O Level 27 Invocations
 + Level 19.8 Evocations


You had 51 spell levels left.
You knew the following spells:

 Your Spells              Type           Power        Failure   Level  Hunger
a - Blink                 Tloc           N/A          32%         2    None
b - Song of Slaying       Chrm           ###.....     32%         2    None

Your spell library contained the following spells:

 Spells                   Type           Power        Failure   Level  Hunger
 Apportation              Tloc           ###...       22%         1    None
 Flame Tongue             Conj/Fire      ###..        22%         1    None
 Infusion                 Chrm           ###.         22%         1    None
 Summon Butterflies       Summ           ###.....     22%         1    None
 Shroud of Golubria       Chrm/Tloc      ###...       32%         2    None
 Throw Flame              Conj/Fire      ###...       32%         2    None
 Conjure Flame            Conj/Fire      ###.....     54%         3    None
 Inner Flame              Hex/Fire       ###.....     54%         3    None
 Lesser Beckoning         Tloc           ###.......   54%         3    None
 Mephitic Cloud           Conj/Pois/Air  ###.....     54%         3    None
 Regeneration             Chrm/Necr      ###.......   54%         3    None
 Spectral Weapon          Hex/Chrm       ###.....     54%         3    None
 Tukima's Dance           Hex            ###.....     54%         3    None
 Sticky Flame             Conj/Fire      ###.....     91%         4    None
 Summon Lightning Spire   Summ/Air       ###.....     91%         4    None
 Alistair's Intoxication  Tmut/Pois      ###.....     99%         5    ####...
 Fireball                 Conj/Fire      ###.......   99%         5    ####...
 Summon Forest            Summ/Tloc      ###.......   99%         5    ####...
 Conjure Ball Lightning   Conj/Air       ###.......   100%        6    #####..
 Invisibility             Hex            ###.....     100%        6    #####..
 Poison Arrow             Conj/Pois      ###.......   100%        6    #####..
 Chain Lightning          Conj/Air       ###.......   100%        8    #######
 Discord                  Hex            ###.......   100%        8    #######
 Disjunction              Tloc           ###.......   100%        8    #######
 Lehudib's Crystal Spear  Conj/Erth      ###.......   100%        8    #######
 Fire Storm               Conj/Fire      ###.......   100%        9    #######
 Glaciate                 Conj/Ice       ###.......   100%        9    #######


Dungeon Overview and Level Annotations

Branches:
Dungeon (1/1)

Altars:
Ashenzari
Cheibriados
Dithmenos
Elyvilon
Fedhas
Gozag
Hepliaklqana
Kikubaaqudgha
Makhleb
Nemelex Xobeh
Okawaru
Qazlal
Ru
Sif Muna
Trog
Uskayaw
Vehumet
Wu Jian
Xom
Yredelemnul
Zin
The Shining One
Beogh
Jiyva
Lugonu


Innate Abilities, Weirdness & Mutations

You have razor-sharp toenails.
Your flesh is heat resistant. (rF+)
Your demonic aura causes spilled blood to erupt in flames.
You are significantly more attuned to the shadows.
Your magical and physical power is slightly enhanced at high health.
You are immune to clouds of flame.
Your movements are less encumbered by armour. (ER -4)


Message History

the +5 plate armour "Efio" {rN+ MR- Dex+4} You see here a book of Necromancy.
Things that are here:
a crystal ball of energy; a +2 hand crossbow of flaming
Things that are here:
a +4 fustibalus of flaming; a cursed ring of attention You see here a book of Necromancy.
You see here a +2 quarterstaff of protection.
There is a transporter here.
An exit appears before you!
You enter the transporter and appear at another place.
Found the Orb of Zot.
Found a staircase leading out of the dungeon.
You see here the Orb of Zot.
You pick up the Orb of Zot!
The Orb lets out a hideous shriek!
The lords of Pandemonium are not amused.
Beware!
Now all you have to do is get back out of the dungeon!
There is a staircase leading out of the dungeon here.
You can't go down here!
You have escaped!

..≈).≈..≈≈≈.▓.............▓...8©8
≈.))))≈≈≈...▓.............▓...|.)
....)...=≈≈.▓.............▓.....=
†..≈[≈[).≈..▓.............▓..))))
≈≈≈)≈≈≈...≈.▓......©......▓......
.≈≈≈.≈≈≈≈≈..▓▓▓▓▓▓▓▓▓▓▓▓▓▓▓......
.≈≈(†.≈.≈≈≈≈▓8888888888888▓......
≈≈≈≈.≈...≈≈.▓8...........8▓......
≈.≈...≈≈≈. ▓8§§@§°...©..8▓.▓....
≈≈.≈≈≈≈≈≈≈ ▓8...§§......8▓....©.
≈.≈≈©.≈≈.. ▓8888888888888▓▓▓▓▓▓▓
▓▓▓▓▓▓▓▓▓▓▓▓▓▓▓▓▓▓▓▓▓▓▓▓▓▓▓▓▓▓▓▓▓
.[...8©8........▓........8©8.....
).."[=..)}.[}:}.▓.))....:...[:)=|
.....:|).".)=[..▓.).:)..}.|)..):)
....=[.)).....|.▓.|.|}}.))).|.)):
[..).).)[...[[..▓........=|.)))[.


There were no monsters in sight!

Vanquished Creatures
  2 juggernauts (shapeshifter) (D)
  3 ancient liches (D)
  A shard shrike (D)
  An iron giant (D)
  6 liches (D)
  An Ice Fiend (D)
  18 acid blobs (D)
  3 titans (shapeshifter) (D)
  2 acid blobs (shapeshifter) (D)
  A kraken (D)
  2 thorn hunters (D)
  10 azure jellies (D)
  A shadow dragon (shapeshifter) (D)
  A fire giant (D)
  A balrug (D)
  3 ghouls (D)
  11 spriggan defenders (D)
  11 vampire knights (D)
  4 reapers (D)
  A black draconian (D)
  An apis (D)
  A minotaur (shapeshifter) (D)
  5 dire elephants (D)
  17 death oozes (D)
  3 merfolk javelineers (D)
  8 merfolk impalers (D)
  3 great orbs of eyes (D)
  9 vault guards (D)
  A yaktaur captain (D)
  5 shambling mangroves (D)
  An ice dragon (D)
  4 spriggan air magi (D)
  2 anacondas (shapeshifter) (D)
  3 merfolk aquamancers (D)
  A centaur warrior (D)
  A two-headed ogre (shapeshifter) (D)
  2 satyrs (D)
  An alligator (shapeshifter) (D)
  3 two-headed ogres (D)
  14 vampire magi (D)
  3 hell hogs (D)
  8 spriggan berserkers (D)
  2 shock serpents (shapeshifter) (D)
  2 spriggans (D)
  5 sea snakes (D)
  16 skeletal warriors (D)
  A deep troll (shapeshifter) (D)
  3 spriggan druids (D)
  2 glowing orange brains (D)
  A swamp dragon (shapeshifter) (D)
  A lindwurm (shapeshifter) (D)
  14 necromancers (D)
  A harpy (D)
  4 deep elf magi (D)
  A faun (D)
  A deep elf archer (D)
  A mana viper (shapeshifter) (D)
  2 manticores (shapeshifter) (D)
  7 draconians (D)
  A moth of wrath (shapeshifter) (D)
  5 shining eyes (D)
  3 cyclopes (D)
  A faun (shapeshifter) (D)
  An elephant (shapeshifter) (D)
  3 rust devils (D)
  11 eyes of devastation (D)
  2 hellions (D)
  An eye of devastation (shapeshifter) (D)
  6 yaktaurs (D)
  3 ice devils (D)
  A freezing wraith (D)
  5 tormentors (D)
  2 trolls (D)
  2 merfolk (D)
  A queen bee (shapeshifter) (D)
  A meliai (shapeshifter) (D)
  3 wind drakes (D)
  A troll (shapeshifter) (D)
  A polar bear (shapeshifter) (D)
  A hornet (shapeshifter) (D)
  5 hornets (D)
  2 slime creatures (shapeshifter) (D)
  28 slime creatures (D)
  3 snapping turtles (D)
  A dream sheep (shapeshifter) (D)
  A snapping turtle (shapeshifter) (D)
  Sigmund (D)
  3 flying skulls (D)
  3 vampires (D)
  A water elemental (D)
  2 wraiths (D)
  20 shadows (D)
  A yak (D)
  6 golden eyes (D)
  6 hell hounds (D)
  2 floating eyes (shapeshifter) (D)
  6 floating eyes (D)
  3 orc warriors (D)
  A black bear (shapeshifter) (D)
  2 ogres (D)
  A wolf (D)
  4 eyes of draining (D)
  8 necrophages (D)
  Blork the orc (D)
  18 wights (D)
  Crazy Yiuf (D)
  7 jellies (D)
  3 orc wizards (D)
  An iron imp (D)
  3 orc priests (D)
  Jessica (D)
  A worker ant (shapeshifter) (D)
  2 mummies (D)
  A river rat (D)
  3 white imps (D)
  8 adder zombies (D)
  5 oozes (D)
  12 adder skeletons (D)
  6 orcs (D)
  8 bat skeletons (D)
  11 bat zombies (D)
  A jackal (D)
  A ball python skeleton (D)
  A ball python zombie (D)
  A frilled lizard (shapeshifter) (D)
  A giant cockroach simulacrum (D)
  4 giant cockroach zombies (D)
  3 jackal skeletons (D)
  4 jackal zombies (D)
  2 leopard gecko skeletons (D)
  4 leopard gecko zombies (D)
  A quokka skeleton (D)
  4 quokka zombies (D)
  8 briar patches (D)
  3 butterflies (D)
  3 tentacles (D)
541 creatures vanquished.

Vanquished Creatures (others)
  A flying skull (D)
  A bat zombie (D)
  5 tentacles (D)
7 creatures vanquished.

Grand Total: 548 creatures vanquished

Notes
Turn   | Place    | Note
-------+----------+-------------------------------------------
     0 | D        | Baz the Demonspawn Fighter began the quest for the Orb.
     0 | D        | Reached XP level 1. HP: 18/18 MP: 1/1
     0 | D        | Found a shimmering blue altar of Sif Muna.
     0 | D        | Found a sacrificial altar of Ru.
     0 | D        | Found a bloodstained altar of Trog.
     0 | D        | Found a stormy altar of Qazlal.
     0 | D        | Found an iron altar of Okawaru.
     0 | D        | Found a sparkling altar of Nemelex Xobeh.
     0 | D        | Found a blossoming altar of Fedhas.
     1 | D        | Found the +6 Majin-Bo {vamp, Archmagi MP+6 Int+6}
     1 | D        | Found the +7 great mace "Firestarter" {inner flame, rF++}
     2 | D        | Found a transporter.
     2 | D        | Found an ancient bone altar of Kikubaaqudgha.
     2 | D        | Found a viscous altar of Jiyva.
     2 | D        | Found a corrupted altar of Lugonu.
     2 | D        | Found a hazy altar of Hepliaklqana.
     2 | D        | Found a burning altar of Makhleb.
     2 | D        | Found an opulent altar of Gozag.
    14 | D        | Reached skill level 9 in Invocations
    14 | D        | Gained mutation: Your movements are slightly less
                  | encumbered by armour. (ER -2) [demonic ancestry]
    14 | D        | Reached XP level 2. HP: 24/24 MP: 1/7
    19 | D        | Became a worshipper of Qazlal Stormbringer
    24 | D        | Found the +6 shillelagh "Devastator" {shatter}
    24 | D        | Found the +11 plutonium sword {*Contam Stlth-}
    24 | D        | Found the +8 lance "Wyrmbane" {slay drac, rPois rF+ rC+
                  | AC+3}
    24 | D        | Found the +9 sword of Zonguldrok {reap}
    24 | D        | Found the cursed +13 scythe of Curses {drain, *Curse}
    24 | D        | Found the +0 sword of Power
    24 | D        | Found the +7 mace of Variability {chain chaos}
    24 | D        | Found the +7 Singing Sword {slice, sonic wave}
    24 | D        | Found the +8 storm bow {elec, penet}
    25 | D        | Found the +9 heavy crossbow "Sniper" {velocity, Acc+∞ SInv}
    25 | D        | Found the +10 dark maul {crush}
    25 | D        | Found the +15 Maxwell's patent armour {-Cast -Tele rElec
                  | MR+ rCorr}
    25 | D        | Found the +18 shield of the Gong {rElec rN+ MR+ EV-5}
    25 | D        | Found the cursed +14 obsidian axe {chop, +Fly SInv *Curse}
    65 | D        | Entered arena 2.
    65 | D        | Found a transporter.
    84 | D        | Entered arena 3.
    84 | D        | Noticed a necrophage
    84 | D        | Noticed a necrophage
    84 | D        | Found a transporter.
    86 | D        | Reached * piety under Qazlal
    88 | D        | Killed a necrophage
    88 | D        | Reached XP level 3. HP: 31/31 MP: 9/9
    88 | D        | Reached XP level 4. HP: 38/38 MP: 10/10
    93 | D        | Killed a necrophage
    93 | D        | Reached skill level 5 in Fighting
    93 | D        | Reached skill level 10 in Invocations
    93 | D        | Reached XP level 5. HP: 44/44 MP: 10/12
    98 | D        | Got the +4 broad axe of Icluulau {chop, rN+ Int+2}
   108 | D        | Entered arena 4.
   108 | D        | Found a transporter.
   109 | D        | Reached ** piety under Qazlal
   110 | D        | Reached skill level 5 in Armour
   110 | D        | Reached skill level 5 in Shields
   117 | D        | Got the ring "Zoim" {Ice Stlth+}
   141 | D        | Entered arena 5.
   141 | D        | Noticed Sigmund
   141 | D        | Noticed Jessica
   141 | D        | Noticed Blork the orc
   141 | D        | Noticed Crazy Yiuf
   141 | D        | Found a transporter.
   142 | D        | Killed Jessica
   143 | D        | Killed Sigmund
   143 | D        | Reached skill level 5 in Axes
   143 | D        | Reached skill level 11 in Invocations
   143 | D        | Gained mutation: You have sharp toenails. [demonic
                  | ancestry]
   143 | D        | Reached XP level 6. HP: 53/53 MP: 8/14
   143 | D        | Killed Crazy Yiuf
   143 | D        | Reached *** piety under Qazlal
   148 | D        | Killed Blork the orc
   213 | D        | Entered arena 6.
   213 | D        | Noticed a deep elf mage
   213 | D        | Noticed a deep elf archer
   213 | D        | Noticed a deep elf mage
   213 | D        | Noticed a deep elf mage
   213 | D        | Noticed a deep elf mage
   213 | D        | Found a transporter.
   216 | D        | Noticed a demonic crawler
   216 | D        | Noticed a fire elemental
   216 | D        | Killed a deep elf mage
   216 | D        | Reached skill level 12 in Invocations
   216 | D        | Gained mutation: You are slightly more attuned to the
                  | shadows. [demonic ancestry]
   216 | D        | Reached XP level 7. HP: 58/61 MP: 14/16
   220 | D        | Killed a deep elf mage
   220 | D        | Reached XP level 8. HP: 61/69 MP: 11/17
   221 | D        | Killed a deep elf mage
   221 | D        | Reached skill level 13 in Invocations
   222 | D        | Killed a deep elf mage
   222 | D        | Reached **** piety under Qazlal
   222 | D        | Reached skill level 10 in Shields
   222 | D        | Gained mutation: You have razor-sharp toenails. [demonic
                  | ancestry]
   222 | D        | Reached XP level 9. HP: 58/77 MP: 11/19
   225 | D        | Killed a deep elf archer
   225 | D        | Reached skill level 14 in Invocations
   288 | D        | Entered arena 7.
   290 | D        | Found a transporter.
   291 | D        | Reached ***** piety under Qazlal
   309 | D        | Entered arena 8.
   309 | D        | Noticed a yaktaur
   309 | D        | Noticed a yaktaur
   309 | D        | Noticed a cyclops
   310 | D        | Identified the +9 halberd of the Present {chop, Int-2
                  | Dex+6}
   310 | D        | Identified the +7 mace "Duass" {vamp, Fragile Dex+6}
   311 | D        | Killed a cyclops
   311 | D        | Reached skill level 10 in Fighting
   311 | D        | Killed a yaktaur
   311 | D        | Noticed a centaur warrior
   311 | D        | Noticed a yaktaur
   311 | D        | Noticed a yaktaur
   312 | D        | Killed a yaktaur
   312 | D        | Reached skill level 15 in Invocations
   312 | D        | Killed a yaktaur
   314 | D        | Found a transporter.
   316 | D        | Killed a centaur warrior
   316 | D        | Reached XP level 10. HP: 86/86 MP: 7/21
   318 | D        | Reached skill level 10 in Armour
   318 | D        | Reached skill level 16 in Invocations
   328 | D        | Identified a +0 pair of boots of running (You found it in
                  | the Dungeon)
   506 | D        | Entered arena 9.
   506 | D        | Noticed a shining eye
   507 | D        | Reached ****** piety under Qazlal
   509 | D        | Killed a shining eye
   509 | D        | Reached skill level 10 in Axes
   511 | D        | Found a transporter.
   577 | D        | Entered arena 10.
   577 | D        | Noticed a draconian
   577 | D        | Noticed a draconian
   577 | D        | Noticed a draconian
   578 | D        | Noticed a black draconian
   578 | D        | Noticed a draconian
   578 | D        | Noticed a draconian
   578 | D        | Noticed a draconian
   578 | D        | Noticed a draconian
   579 | D        | Killed a draconian
   580 | D        | Killed a draconian
   580 | D        | Killed a draconian
   580 | D        | Reached skill level 17 in Invocations
   580 | D        | Killed a draconian
   580 | D        | Killed a black draconian
   580 | D        | Reached XP level 11. HP: 95/95 MP: 15/23
   580 | D        | Reached skill level 18 in Invocations
   582 | D        | Found a transporter.
   698 | D        | Got the Incunabulum of Spatial Lightness
   707 | D        | Entered arena 11.
   708 | D        | Identified the +1 robe "Dapyru" {+Fly rCorr MP-9 Dex+5}
   709 | D        | Found a transporter.
   720 | D        | Got the +0 pair of boots of Magic {rElec Str+4}
   748 | D        | Entered arena 12.
   748 | D        | Noticed a two-headed ogre
   748 | D        | Noticed a fire giant
   749 | D        | Noticed a two-headed ogre
   749 | D        | Noticed a two-headed ogre
   750 | D        | Killed a two-headed ogre
   750 | D        | Killed a two-headed ogre
   750 | D        | Reached skill level 19 in Invocations
   750 | D        | Killed a two-headed ogre
   750 | D        | Killed a fire giant
   752 | D        | Found a transporter.
   789 | D        | Entered arena 13.
   789 | D        | Noticed a ghoul
   790 | D        | Noticed a skeletal warrior
   790 | D        | Noticed a vampire knight
   790 | D        | Identified the ring "Vyekhime" {rC++ rCorr}
   790 | D        | Noticed a skeletal warrior
   790 | D        | Noticed a necromancer
   791 | D        | Killed a skeletal warrior
   791 | D        | Reached skill level 20 in Invocations
   791 | D        | Killed a skeletal warrior
   791 | D        | Killed a necromancer
   791 | D        | Gained mutation: Your flesh is heat resistant. (rF+)
                  | [demonic ancestry]
   791 | D        | Reached XP level 12. HP: 105/105 MP: 24/26
   792 | D        | Killed a vampire knight
   798 | D        | Killed a ghoul
   800 | D        | Found a transporter.
   826 | D        | Learned a level 2 spell: Blink
   829 | D        | Learned a level 2 spell: Song of Slaying
   857 | D        | Entered arena 14.
   858 | D        | Identified the cursed +1 morningstar of Armageddon {crush,
                  | -Tele rN+ Str+4}
   858 | D        | Noticed a vampire knight
   858 | D        | Noticed a vampire mage
   858 | D        | Noticed a ghoul
   859 | D        | Noticed a vampire mage
   861 | D        | Reached skill level 21 in Invocations
   861 | D        | Killed a vampire knight
   861 | D        | Killed a vampire mage
   861 | D        | Killed a ghoul
   865 | D        | Killed a vampire mage
   865 | D        | Reached skill level 15 in Shields
   867 | D        | Found a transporter.
   966 | D        | Got the amulet of the Median {Harm *Drain rPois rF+ MR+}
   976 | D        | Entered arena 15.
   977 | D        | Noticed a lich
   977 | D        | Noticed a vault guard
   977 | D        | Noticed a vault guard
   977 | D        | Noticed a vault guard
   977 | D        | Noticed a vault guard
   977 | D        | Noticed a vault guard
   978 | D        | Noticed a yaktaur captain
   978 | D        | Noticed a vault guard
   978 | D        | Noticed a vault guard
   978 | D        | Noticed a vault guard
   978 | D        | Noticed a vault guard
   979 | D        | Reached skill level 22 in Invocations
   979 | D        | Killed a vault guard
   979 | D        | Killed a lich
   979 | D        | Killed a vault guard
   979 | D        | Gained mutation: Your movements are less encumbered by
                  | armour. (ER -4) [demonic ancestry]
   979 | D        | Reached XP level 13. HP: 114/114 MP: 26/28
   979 | D        | Reached skill level 23 in Invocations
   986 | D        | Reached skill level 15 in Fighting
   987 | D        | Found a transporter.
  1069 | D        | Entered arena 16.
  1069 | D        | Noticed a death ooze
  1070 | D        | Noticed an acid blob
  1071 | D        | Noticed an acid blob
  1072 | D        | Killed an acid blob
  1072 | D        | Killed an acid blob
  1072 | D        | Reached skill level 24 in Invocations
  1072 | D        | Killed a death ooze
  1074 | D        | Found a transporter.
  1112 | D        | Entered arena 17.
  1114 | D        | Noticed a death ooze
  1114 | D        | Noticed a death ooze
  1115 | D        | Noticed an azure jelly
  1115 | D        | Noticed a death ooze
  1115 | D        | Noticed a death ooze
  1116 | D        | Killed a death ooze
  1116 | D        | Killed a death ooze
  1116 | D        | Killed a death ooze
  1116 | D        | Killed an azure jelly
  1116 | D        | Reached skill level 25 in Invocations
  1116 | D        | Killed a death ooze
  1119 | D        | Found a transporter.
  1125 | D        | Got the ring of Qinoekka {rC+ MR+ Dex+4 Stlth+}
  1149 | D        | Entered arena 18.
  1152 | D        | Identified the +7 spear "Kommun" {venom, rC+ Dex+4}
  1152 | D        | Noticed an iron giant
  1153 | D        | Noticed a reaper
  1154 | D        | Gained mutation: You are immune to clouds of flame.
                  | [demonic ancestry]
  1154 | D        | Reached XP level 14. HP: 125/125 MP: 30/30
  1155 | D        | Killed an iron giant
  1155 | D        | Reached skill level 15 in Axes
  1155 | D        | Reached skill level 15 in Armour
  1156 | D        | Killed a reaper
  1158 | D        | Found a transporter.
  1246 | D        | Entered arena 19.
  1249 | D        | Noticed a vampire knight
  1250 | D        | Reached skill level 26 in Invocations
  1250 | D        | Killed a vampire knight
  1252 | D        | Identified the +1 ring mail of Shadows and Fog {-Tele rPois
                  | rC+}
  1255 | D        | Identified the cursed ring "Qudig" {*Slow rPois rF+ EV-2
                  | Str+4 Int+2}
  1263 | D        | Found a transporter.
  1352 | D        | Entered arena 20.
  1356 | D        | Noticed a vampire knight
  1357 | D        | Noticed a vampire knight
  1358 | D        | Reached skill level 1 in Evocations
  1358 | D        | Killed a vampire knight
  1358 | D        | Killed a vampire knight
  1358 | D        | Reached skill level 5 in Evocations
  1358 | D        | Killed a vampire knight
  1358 | D        | Noticed an ancient lich
  1362 | D        | Killed an ancient lich
  1362 | D        | Reached skill level 27 in Invocations
  1428 | D        | Found a transporter.
  1434 | D        | Got the amulet "Kodys" {Inacc Int+3}
  1464 | D        | Entered arena 21.
  1468 | D        | Noticed an acid blob
  1468 | D        | Noticed an acid blob
  1468 | D        | Noticed an acid blob
  1468 | D        | Noticed an acid blob
  1468 | D        | Noticed an azure jelly
  1469 | D        | Noticed an azure jelly
  1469 | D        | Noticed an acid blob
  1470 | D        | Reached skill level 1 in Dodging
  1470 | D        | Killed an azure jelly
  1470 | D        | Killed an acid blob
  1470 | D        | Killed an azure jelly
  1470 | D        | Killed an acid blob
  1470 | D        | Reached skill level 10 in Evocations
  1470 | D        | Gained mutation: You are significantly more attuned to the
                  | shadows. [demonic ancestry]
  1470 | D        | Reached XP level 15. HP: 110/136 MP: 32/32
  1470 | D        | Killed an acid blob
  1470 | D        | Reached skill level 5 in Dodging
  1470 | D        | Killed an acid blob
  1470 | D        | Killed an acid blob
  1481 | D        | Found a transporter.
  1486 | D        | Got the ring "Keump" {+Fly rN+ Dex+4 Stlth+}
  1494 | D        | Got the ring "Plog" {Int+3 Stlth-}
  1516 | D        | Got the ring of the Three Ships {Ice *Corrode +Fly rPois
                  | Int+4}
  1536 | D        | Entered arena 22.
  1542 | D        | Identified the +2 rapier "Impslayer" {speed, Dex+7}
  1542 | D        | Identified the amulet of Tender Moments {Acrobat Slay+3}
  1545 | D        | Identified the +9 lajatang "Hunow" {slice, rElec Stlth+}
  1557 | D        | Found a transporter.
  1655 | D        | Noticed a kraken
  1668 | D        | Killed a kraken
  1723 | D        | Entered arena 23.
  1729 | D        | Noticed a shard shrike
  1730 | D        | Noticed an Ice Fiend
  1731 | D        | Killed a shard shrike
  1731 | D        | Reached skill level 1 in Spellcasting
  1731 | D        | Killed an Ice Fiend
  1731 | D        | Reached skill level 5 in Spellcasting
  1731 | D        | Reached skill level 10 in Dodging
  1731 | D        | Reached XP level 16. HP: 55/147 MP: 33/33
  1780 | D        | Found a transporter.
  2004 | D        | Entered arena 24.
  2010 | D        | Noticed a titan
  2010 | D        | a glowing shapeshifter changed into a titan
  2010 | D        | Noticed a juggernaut
  2011 | D        | Noticed a juggernaut
  2011 | D        | Noticed a shadow dragon
  2011 | D        | Noticed a juggernaut
  2011 | D        | a titan changed into a juggernaut
  2011 | D        | Noticed a titan
  2012 | D        | Killed a shadow dragon
  2012 | D        | Killed a titan
  2012 | D        | Killed a titan
  2012 | D        | Noticed an acid blob
  2012 | D        | a juggernaut changed into an acid blob
  2012 | D        | Noticed a titan
  2012 | D        | a juggernaut changed into a titan
  2012 | D        | Noticed an acid blob
  2013 | D        | Killed a juggernaut
  2013 | D        | Reached skill level 10 in Spellcasting
  2013 | D        | Noticed a juggernaut
  2014 | D        | Killed a titan
  2014 | D        | Killed an acid blob
  2015 | D        | Killed an acid blob
  2016 | D        | Killed a juggernaut
  2021 | D        | Identified the ring "Uklamun" {rElec rC+ MP+9 Slay+3}
  2037 | D        | Found a transporter.
  2080 | D        | Got Qugomakho's Thorough Guide to Thaumaturgy
  2085 | D        | Got the ring "Baigowk" {rElec MP+9}
  2115 | D        | Entered arena 25.
  2127 | D        | Identified the +7 whip "Diokuto" {pain, *Noise rN+ Str+3}
  2127 | D        | Noticed a lich
  2129 | D        | Killed a lich
  2134 | D        | Found the +8 whip "Snakebite" {curare, rPois}
  2163 | D        | Found a transporter.
  2180 | D        | Got the ring "Pume" {MP+9 AC+2 Stlth+}
  2193 | D        | Found the brooch of Shielding {Reflect SH+8}
  2260 | D        | Entered arena 26.
  2270 | D        | Gained mutation: Your demonic aura causes spilled blood to
                  | erupt in flames. [demonic ancestry]
  2270 | D        | Reached XP level 17. HP: 158/158 MP: 34/34
  2272 | D        | Identified the +8 arbalest "Tupeavor" {elec, Dex+2}
  2272 | D        | Reached skill level 15 in Evocations
  2273 | D        | Reached skill level 15 in Dodging
  2273 | D        | Reached skill level 15 in Spellcasting
  2355 | D        | Found a transporter.
  2362 | D        | Got the amulet of Temptation {RegenMP -Tele Str+9 Dex-5
                  | SInv}
  2376 | D        | Got the amulet "Nebe" {+Rage rElec rPois rC+ Int-5}
  2420 | D        | Entered arena 27.
  2420 | D        | Identified the cursed +0 rapier of Spite {pierce, Int+5
                  | Dex-4}
  2420 | D        | Identified the +4 glaive "Lelui" {venom, rF+ Str+7}
  2421 | D        | Identified the +4 hand axe of Azxin {flame, MR+ Int+4}
  2428 | D        | Identified the amulet of Law {Acrobat +Fly rPois Str+8
                  | Dex-3}
  2431 | D        | Noticed a lich
  2431 | D        | Identified the +9 executioner's axe of Ofaolu {venom,
                  | Int+2}
  2432 | D        | Noticed a lich
  2432 | D        | Noticed a lich
  2432 | D        | Noticed an ancient lich
  2433 | D        | Killed a lich
  2433 | D        | Killed an ancient lich
  2433 | D        | Killed a lich
  2433 | D        | Killed a lich
  2433 | D        | Reached XP level 18. HP: 163/171 MP: 38/38
  2433 | D        | Noticed an ancient lich
  2434 | D        | Killed an ancient lich
  2434 | D        | Identified the cursed +0 hunting sling "Vuan Ofenwu"
                  | {venom, rC+}
  2435 | D        | Identified the +7 mace "Beetleslayer" {antimagic, rPois rC+
                  | Int+4}
  2435 | D        | Identified the ring "Pirghiuj" {rElec rC+ SInv}
  2436 | D        | Found the +5 demon whip "Spellbinder" {antimagic, MR+}
  2437 | D        | Paralysed by something for 6 turns
  2439 | D        | Noticed a lich
  2444 | D        | Killed a lich
  2543 | D        | Found a transporter.
  2635 | D        | Entered arena 28.
  2651 | D        | Gained mutation: Your magical and physical power is
                  | slightly enhanced at high health. [demonic ancestry]
  2651 | D        | Reached XP level 19. HP: 166/183 MP: 32/41
  2731 | D        | Found a transporter.
  2733 | D        | Found the -2 hat of the Alchemist {rElec rPois rF+ rC+ rN+
                  | MR+ rMut rCorr}
  2834 | D        | Got the Orb of Zot
  2839 | D        | Escaped with the Orb!

Levels and vault maps discovered:
D:        sprint_v [room_start, room_1, room_2, room_3, room_4, room_5, room_6,
          room_7, room_8, room_9, room_10, room_11, room_12, room_13, room_14,
          room_15, room_16, room_17, room_18, room_19, room_20, room_21,
          room_22, room_23, room_24, room_25, room_26, room_27]

Skill      XL: |  1  2  3  4  5  6  7  8  9 10 11 12 13 14 15 16 17 18 |
---------------+-------------------------------------------------------+-----
Invocations    | 9 10 11 12 13 15 17 20 22 25 27 | 27.0
Axes           | 3 4 5 6 7 8 9 10 12 13 14 16 18 20 21 23 | 23.3
Fighting       | 4 5 6 7 8 9 10 11 13 14 16 17 19 21 23 25 | 25.1
Armour         | 4 5 7 8 9 10 12 13 14 16 18 20 21 23 | 23.3
Shields        | 4 5 8 9 10 12 13 14 15 16 18 19 21 22 24 | 24.3
Evocations     | 10 13 17 19 | 19.8
Dodging        | 3 10 13 16 19 | 19.0
Spellcasting   | 5 13 16 18 | 18.7

Action                   |  1- 3 |  4- 6 |  7- 9 | 10-12 | 13-15 | 16-18 | 19-21 || total
-------------------------+-------+-------+-------+-------+-------+-------+-------++-------
Melee: War axe           |     9 |       |       |       |       |       |       ||     9
       Broad axe         |     3 |    13 |     8 |    13 |    31 |    19 |       ||    87
       Kick              |       |     3 |     4 |       |       |       |       ||     7
 Cast: Blink             |       |       |       |       |     1 |       |       ||     1
Invok: Upheaval          |       |     3 |     5 |     8 |    11 |    10 |       ||    37
       Disaster Area     |       |       |       |     5 |    10 |    12 |     1 ||    28
  Use: Potion            |     1 |       |       |       |       |       |       ||     1
       Scroll            |       |       |       |       |     1 |     4 |       ||     5
  Eat: Chunk             |       |       |       |       |     1 |     1 |       ||     2
       Ration            |       |       |       |       |       |     1 |       ||     1
Armor: Gold dragon scale |     9 |     2 |    11 |     1 |    13 |    16 |       ||    52
Dodge: Dodged            |       |       |       |       |     2 |     7 |       ||     9
       Deflected         |       |       |       |       |       |     1 |       ||     1
Block: Shield            |    13 |    19 |    35 |    18 |    49 |    43 |       ||   177
       Reflection        |       |       |       |       |       |     2 |       ||     2
